 Dungeon Crawl Stone Soup version 0.18.1-8-gdd0e5ea (webtiles) character file.

110 deorigin the Ruffian (level 4, -3/44 HPs)
             Began as a Troll Monk on June 5, 2016.
             Was a Believer of Cheibriados.
             Slain by a gnoll
             ... wielding a +0 spear
              (8 damage)
             ... on level 4 of the Dungeon.
             The game lasted 00:03:34 (1789 turns).

deorigin the Ruffian (Troll Monk)                   Turns: 1789, Time: 00:03:35

Health: -3/44      AC:  7    Str: 23    XL:     4   Next: 61%
Magic:  3/3        EV: 11    Int: 10    God:    Cheibriados [**....]
Gold:   131        SH:  0    Dex: 17    Spells: 0 memorised, 3 levels left

rFire  . . .     SeeInvis .       - Unarmed
rCold  . . .     Gourm    +     a - +1 robe
rNeg   . . .     Faith    .     (no shield)
rPois  .         Spirit   .     (helmet restricted)
rElec  .         Dismiss  .     (no cloak)
rCorr  .         Reflect  .     (gloves unavailable)
SustAt .         Harm     .     (boots unavailable)
MR     .....     Rnd*Tele +     (no amulet)
Stlth  ++........               r - ring of teleportation (curse)
                                m - +1 ring of protection

@: very slow, not resistant to hostile enchantments, unstealthy
A: unfitting armour, claws 3, fast metabolism 3, gourmand, regeneration 2,
shaggy fur 1, tough skin 2
a: Bend Time, Renounce Religion


You were on level 4 of the Dungeon.
You worshipped Cheibriados.
Cheibriados was pleased with you.
You were very full.

You visited 2 branches of the dungeon, and saw 5 of its levels.

You collected 131 gold pieces.

Inventory:

Missiles
 q - 37 poisoned needles
Armour
 a - a +1 robe (worn)
Jewellery
 m - a +1 ring of protection (left claw)
 r - a cursed ring of teleportation (right claw)
Wands
 e - a wand of disintegration (3/24)
Scrolls
 c - 2 scrolls of magic mapping {unknown}
 d - a scroll of enchant armour
 k - 2 scrolls of recharging
 o - a scroll of amnesia
Potions
 f - a potion of curing {unknown}
 g - a potion of invisibility {unknown}
 h - a potion of might {unknown}
 j - a potion of mutation {unknown}
 p - a potion of brilliance {unknown}
Books
 n - a book of Annihilations

   Spells                             Type                      Level
   a - Poison Arrow                   Conjuration/Poison           6
   b - Chain Lightning                Conjuration/Air              8
   c - Lehudib's Crystal Spear        Conjuration/Earth            8
   d - Glaciate                       Conjuration/Ice              9
   e - Fire Storm                     Conjuration/Fire             9
Comestibles
 b - 5 bread rations
 i - 3 meat rations
 l - 2 chunks of flesh


   Skills:
 - Level 2.4 Fighting
 - Level 2.4 Dodging
 - Level 1.1 Stealth
 + Level 6.0 Unarmed Combat


You had 3 spell levels left.
You didn't know any spells.

Dungeon Overview and Level Annotations

Branches:
Dungeon (4/15)             Temple (1/1) D:4

Altars:
Ashenzari
Cheibriados
Dithmenos
Makhleb
Okawaru
Qazlal
Vehumet
Xom
Zin


Innate Abilities, Weirdness & Mutations

You are too large for most types of armour.
You have claws for hands.
Your metabolism is lightning-fast.
You like to eat raw meat.
You heal very quickly.
You are covered in fur (AC +1).
You have very tough skin (AC +2).


Message History

The gnoll hits you from afar with a spear!
The gnoll hits you with a flail.
You claw the gnoll!
You kill the gnoll!
Cheibriados appreciates the change of pace.
The phantom hits you.
* * * LOW HITPOINT WARNING * * *
The gnoll hits you from afar with a spear.
* * * LOW HITPOINT WARNING * * *
You claw the phantom!
The phantom is heavily damaged.
The phantom closely misses you.
The gnoll hits you from afar with a spear.
* * * LOW HITPOINT WARNING * * *
You closely miss the phantom.
The phantom is heavily damaged.
The phantom blinks!
The gnoll closely misses you.
The phantom blinks!
The gnoll hits you but does no damage. The gnoll hits you with a spear!
You die...

##########
........$.
#####........ยง
.............
####..>........
.......gW......
#...@g.#
##.#.#.#
#.#.#.# #...#.#
#######.#.#
..........#
#######.### #.#
#.#


You could see a phantom and 2 gnolls.

Vanquished Creatures
  A worker ant (D:4)
  2 gnolls (D:4)
  An adder (D:2)
  An ooze (D:3)
  2 worms
  2 dart slugs (D:2)
  3 giant geckos
  2 orcs (D:3)
  7 goblins
  4 hobgoblins
  2 ball pythons (D:3)
  3 bats
  3 giant newts
  4 kobolds
  6 rats
43 creatures vanquished.

Notes
Turn   | Place    | Note
--------------------------------------------------------------
     0 | D:1      | deorigin the Troll Monk began the quest for the Orb.
     0 | D:1      | Reached XP level 1. HP: 22/22 MP: 0/0
   379 | D:1      | Reached XP level 2. HP: 29/29 MP: 1/1
   678 | D:2      | Reached skill level 5 in Unarmed Combat
   696 | D:2      | Reached XP level 3. HP: 36/36 MP: 2/2
  1598 | D:4      | Reached XP level 4. HP: 32/44 MP: 3/3
  1667 | D:4      | Found a staircase to the Ecumenical Temple.
  1674 | Temple   | Entered the Ecumenical Temple
  1726 | Temple   | Became a worshipper of Cheibriados the Contemplative
  1726 | Temple   | Reached * piety under Cheibriados
  1726 | Temple   | Reached ** piety under Cheibriados
  1774 | D:4      | Noticed a phantom
  1781 | D:4      | Reached skill level 6 in Unarmed Combat
  1789 | D:4      | Slain by a gnoll

Skill      XL: |  1  2  3  4 |
---------------+-------------+-----
Unarmed Combat | 5 6 |  6.0
Fighting       | |  2.4
Dodging        | |  2.4
Stealth        | |  1.1

Action                   |  1- 3 |  4- 6 || total
-------------------------+-------+-------++-------
Melee: Unarmed           |    77 |     9 ||    86
       Punch             |     1 |       ||     1
  Use: Scroll            |     7 |       ||     7
 Stab: Sleeping          |     3 |       ||     3
  Eat: Chunk             |    20 |     1 ||    21
Armor: Robe              |    31 |     4 ||    35
Dodge: Dodged            |    22 |     8 ||    30
